 Dungeon Crawl Stone Soup version 0.17-a0-1435-geafbe2f (webtiles) character file.

8225 pulse the Cleaver (level 11, 0/83 HPs)
             Began as a Formicid Fighter on June 26, 2015.
             Was an Elder of Qazlal.
             Slain by an unseen horror (7 damage)
             ... on level 10 of the Dungeon.
             The game lasted 00:53:28 (12768 turns).

pulse the Cleaver (Formicid Fighter)               Turns: 12768, Time: 00:53:28

Health: 0/83       AC: 19    Str: 27    XL:     11   Next: 51%
Magic:  8/12       EV: 12    Int:  9    God:    Qazlal [****..]
Gold:   485        SH: 18    Dex: 15    Spells: 0 memorised, 10 levels left

rFire  . . .     SeeInvis +     p - +1 mace (protect)
rCold  . . .     Clarity  .     B - +0 plate armour
rNeg   . . .     SustAt   .     c - +0 shield
rPois  .         Gourm    .     (helmet unavailable)
rElec  .         Spirit   .     o - +0 cloak
rCorr  .         Warding  .     (no gloves)
rMut   .         Stasis   +     (no boots)
MR     ++...                    (no amulet)
Stlth  ..........               k - +2 ring of strength
                                b - ring of protection from magic

@: agile, repel missiles, very resistant to hostile enchantments, extremely
unstealthy
A: permanent stasis, dig shafts and tunnels, four strong arms, antennae 3, spit
poison 1, strong 1
a: Dig, Shaft Self, Spit Poison, Upheaval, Elemental Force, Renounce Religion


You were on level 10 of the Dungeon.
You worshipped Qazlal.
Qazlal was greatly pleased with you.
You were not hungry.

You visited 2 branches of the dungeon, and saw 14 of its levels.
You also visited: Ossuary.

You collected 485 gold pieces.

Inventory:

Hand weapons
 a - a +1 war axe
 p - a +1 mace of protection (weapon)
Missiles
 j - a tomahawk of returning (quivered)
Armour
 c - a +0 shield (worn)
 o - a +0 cloak (worn)
 B - a +0 plate armour (worn)
Jewellery
 b - a ring of protection from magic (left hand)
 e - an uncursed ring of flight
 k - a +2 ring of strength (right hand)
 y - an uncursed ring of wizardry
Magical devices
 n - a wand of slowing (37)
 z - a wand of enslavement (7)
 D - a wand of enslavement (4)
 H - a wand of digging (8)
Scrolls
 d - 3 scrolls of fog
 g - 3 scrolls of remove curse
 r - a scroll of enchant weapon
Potions
 i - 4 potions of cure mutation
 l - 3 potions of brilliance
 q - a potion of might
 w - a potion of experience
Books
 x - a book of Beasts

   Spells                             Type                      Level
   a - Summon Butterflies             Summoning                    1
   b - Call Canine Familiar           Summoning                    3
   c - Summon Ice Beast               Ice/Summoning                4
   d - Summon Mana Viper              Hexes/Summoning              5
   e - Summon Hydra                   Summoning                    7
Miscellaneous
 G - a disc of storms
Comestibles
 f - 14 royal jellies
 m - 7 meat rations
 A - 2 bread rations
 F - 3 fruits


   Skills:
 + Level 6.8 Fighting
 * Level 12.6 Axes
 + Level 7.3 Armour
 + Level 10.2 Shields
 * Level 1.0 Invocations
 - Level 1.4 Evocations


You had 10 spell levels left.
You didn't know any spells.

Dungeon Overview and Level Annotations

Branches:
Dungeon (13/15)            Temple (1/1) D:6            Lair (0/8) D:8
    Orc: D:9-12      Vaults: D:13-14

Altars:
Ashenzari
Cheibriados
Dithmenos
Elyvilon
Fedhas
Gozag
Kikubaaqudgha
Makhleb
Nemelex Xobeh
Okawaru
Qazlal
Ru
Sif Muna
Trog
Vehumet
Xom
Yredelemnul
Zin
The Shining One

Shops:
D:6 (   D:9 }

Annotations:
D:11 OrbSeeker's ghost, powerful FoFi


Innate Abilities, Weirdness & Mutations

You are under a permanent stasis effect.
You can dig through walls and to a lower floor.
Your four strong arms can wield two-handed weapons with a shield.
You have a pair of large antennae on your head (SInv).
You can spit weak poison.
Your muscles are strong. (Str +2)


Message History

Use which ability? (? or * to list) Use which ability? (? or * to list)
Aiming: Upheaval
Press: ? - help, Dir - move target cursor, p - unseen horror A blizzard blasts the area with ice!
You block the unseen horror's attack. x2
You block the unseen horror's attack.
You enter the shallow water.
Moving in this stuff is going to be slow.
The unseen horror misses you.
Use which ability? (? or * to list)
You can't shaft yourself on this terrain.
Use which ability? (? or * to list) Are you sure you want to shaft yourself?
You feel quite a bit more hungry.
You hear a shout!
You hear a bark!
You hear a bark!
You block the unseen horror's attack.
You begin to dig a shaft.
You continue digging a shaft.
The unseen horror hits you!
You die...

######+###
#....T§§.######
#.....x@.'.....
#...>.§..######
#../...§.#
#........#
#........#
#........#
##########


You could see an unseen horror (invisible) and a friendly troll.

Vanquished Creatures
  A queen bee (D:9)
  Grinder (D:6)
  A yak (D:8)
  A wyvern (D:9)
  A deep elf mage (D:9)
  A steam dragon (D:9)
  Menkaure (D:5)
  A basilisk (D:8)
  2 hippogriffs (D:9)
  3 water moccasins
  Duvessa (D:6)
  An orc warrior (D:8)
  2 phantoms
  6 ogres
  A black bear (D:8)
  A sky beast (D:9)
  8 centaurs
  2 necrophages
  4 big kobolds (D:4)
  Blork the orc (D:6)
  Dowan (D:6)
  2 giant frogs
  4 scorpions
  A water moccasin zombie (Ossuary)
  43 killer bees
  3 crimson imps
  4 wights (D:8)
  A giant frog zombie (D:5)
  2 giant frog skeletons
  7 orc priests
  A quasit (D:7)
  A hound (D:10)
  3 iguanas
  A jelly (D:7)
  A centaur zombie (D:8)
  A centaur skeleton (D:4)
  A gnoll shaman (D:7)
  7 orc wizards
  6 worker ants
  3 big kobold zombies (Ossuary)
  2 mummies (Ossuary)
  6 gnolls
  17 adders
  2 shadow imps
  7 adder zombies
  4 worms
  3 giant geckos
  44 orcs
  2 ball pythons
  11 bats
  A bat skeleton (D:6)
  6 giant cockroaches
  3 gnoll zombies (Ossuary)
  18 hobgoblins
  10 jackals
  7 quokkas
  6 giant newts
  14 goblins
  7 hobgoblin zombies (Ossuary)
  52 kobolds
  4 kobold zombies (Ossuary)
  2 orc zombies (Ossuary)
  12 rats
373 creatures vanquished.

Vanquished Creatures (others)
  A killer bee (D:9)
1 creature vanquished.

Grand Total: 374 creatures vanquished

Notes
Turn   | Place    | Note
--------------------------------------------------------------
     0 | D:1      | pulse the Formicid Fighter began the quest for the Orb.
     0 | D:1      | Reached XP level 1. HP: 18/18 MP: 1/1
   326 | D:1      | Reached XP level 2. HP: 22/24 MP: 2/2
   684 | D:2      | Gained mutation: You can spit weak poison. [potion of mutation]
   684 | D:2      | Gained mutation: Your muscles are strong. (Str +2) [potion of mutation]
   782 | D:2      | Reached XP level 3. HP: 25/29 MP: 3/3
   827 | D:2      | Found a stormy altar of Qazlal.
  1148 | D:2      | Reached XP level 4. HP: 35/35 MP: 4/4
  1284 | D:2      | Reached skill level 4 in Axes
  2077 | D:3      | Reached XP level 5. HP: 41/41 MP: 5/5
  2188 | D:3      | Reached skill level 5 in Axes
  2889 | D:3      | Reached XP level 6. HP: 37/47 MP: 6/6
  2895 | D:4      | Reached skill level 6 in Axes
  3033 | D:4      | Found a shimmering altar of Xom.
  3035 | D:4      | Found a shimmering altar of Xom.
  3135 | D:4      | Reached XP level 7. HP: 29/52 MP: 7/7
  3136 | D:4      | Reached skill level 7 in Axes
  3311 | D:4      | HP: 2/52 [poisoned by a scorpion]
  3319 | D:4      | HP: 2/52 [poisoned by a scorpion]
  4121 | D:4      | Reached skill level 8 in Axes
  4384 | D:4      | Reached XP level 8. HP: 50/58 MP: 8/8
  4455 | D:4      | Noticed a phantom
  4482 | D:4      | Killed a phantom
  4554 | D:4      | Reached skill level 9 in Axes
  4918 | D:5      | Entered Level 5 of the Dungeon
  5740 | D:5      | Reached XP level 9. HP: 66/66 MP: 9/9
  5805 | D:5      | Noticed Menkaure
  5815 | D:5      | Killed Menkaure
  5838 | D:5      | Reached skill level 5 in Shields
  5838 | D:5      | Reached skill level 10 in Axes
  6317 | D:6      | Reached skill level 1 in Evocations
  6446 | D:6      | Noticed Blork the orc
  6459 | D:6      | Killed Blork the orc
  6463 | D:6      | Found Puloor's Antique Weapon Shop.
  6732 | D:6      | Found a staircase to the Ecumenical Temple.
  6732 | D:6      | Noticed Grinder
  6754 | D:6      | Killed Grinder
  6754 | D:6      | Reached skill level 5 in Fighting
  6754 | D:6      | Reached skill level 5 in Armour
  6760 | Temple   | Entered the Ecumenical Temple
  6810 | Temple   | Became a worshipper of Qazlal Stormbringer
  7048 | D:6      | Noticed Dowan
  7050 | D:6      | Noticed Duvessa
  7068 | D:6      | Killed Duvessa
  7076 | D:6      | Killed Dowan
  7929 | D:7      | Found a sand-covered staircase.
  7937 | Ossuary  | Entered an ossuary
  8018 | Ossuary  | Acquired Qazlal's first power
  8039 | Ossuary  | Reached XP level 10. HP: 74/74 MP: 10/10
  8080 | Ossuary  | Reached skill level 11 in Axes
  8508 | D:7      | Acquired Qazlal's second power
  9281 | D:8      | Found a staircase to the Lair.
  9407 | D:8      | Acquired Qazlal's third power
  9553 | D:8      | Reached skill level 12 in Axes
 10413 | D:9      | Reached XP level 11. HP: 81/81 MP: 11/11
 10861 | D:9      | Found Areskib's Gadget Shop.
 11392 | D:9      | Acquired Qazlal's fourth power
 11985 | D:9      | Reached skill level 10 in Shields
 12433 | D:10     | Entered Level 10 of the Dungeon
 12567 | D:10     | Reached skill level 1 in Invocations
 12684 | D:10     | HP: 1/83 [ogre/giant club (22)]
 12687 | D:10     | You fall through a shaft for 3 floors!
 12687 | D:13     | Noticed an unseen horror
 12721 | D:11     | Noticed OrbSeeker's ghost (powerful FoFi)
 12725 | D:11     | Noticed a hill giant
 12731 | D:11     | Found a blossoming altar of Fedhas.
 12741 | D:10     | Noticed an unseen horror
 12768 | D:10     | Slain by an unseen horror

Vault maps used:
D:1:      mrwooster_arrival_statue_3, hangedman_decor_points, minivault_25
D:2:      serial_bayou_pond_b, nicolae_qazlal_general_emergency
D:4:      minmay_goblin_kobold_castle, xom_redecorated, first_bread
D:5:      uniq_menkaure
D:6:      temple_green, serial_shops, shop_statue, uniq_grinder,
          uniq_blork_the_orc, uniq_duvessa
D:7:      nicolae_ossuary_entry_plus
D:8:      dpeg_lair_monsters
D:9:      serial_shops, kennysheep_mini_moat, special_room
D:10:     the_bakery, minmay_misc_feat_columns
D:11:     orc_0_dummy, serial_shops, nicolae_shop_stone, fedhas_altar_2
D:12:     serial_shops, shop_statue, lightli_swarmer, uniq_josephine,
          uniq_fannar
D:13:     minmay_blocking_statues, lightli_vaults_fourway_checkpoint
Temple:   grunt_circular_temple_18
Ossuary:  ossuary_tomb_2

Action                   |  1- 3 |  4- 6 |  7- 9 | 10-12 || total
-------------------------+-------+-------+-------+-------++-------
Melee: War axe           |    81 |   160 |   480 |   259 ||   980
       Mace              |       |       |       |   358 ||   358
Throw: Tomahawk          |       |       |     2 |     2 ||     4
Invok: Upheaval          |       |       |       |     1 ||     1
 Abil: Spit Poison       |       |       |     1 |     1 ||     2
       Shaft Self        |       |       |       |     2 ||     2
Evoke: Wand              |       |       |     2 |     9 ||    11
       Disc of storms    |       |       |       |    13 ||    13
  Use: Scroll            |     4 |     6 |     6 |     8 ||    24
       Potion            |     1 |     1 |     2 |    11 ||    15
  Eat: Chunk             |     1 |     4 |     7 |     6 ||    18
       Beef jerky        |       |     1 |       |       ||     1
       Bread ration      |       |       |     3 |     1 ||     4
       Pizza             |       |       |       |     2 ||     2
       Fruit             |       |       |       |     1 ||     1
